Unix NetHack Version 3.7.0-102 Work-in-progress - last build Apr 6 2024 13:22:21 (d302a6a9ff6341f1a922d8f5af178406b35fdf99,branch:master). Game began 2024-04-27 10:23:04, ended 2024-04-29 14:15:46. MalkMcJorma, neutral male human Barbarian --------- 3 |.......| |...%...| 4|a..@a..| |..%&a..| 1 | |.......| | |.5----|---- .| |......A......| ---....A.5..--- -----@----- -..44155- 1.1.5111. ------- 214553.1. |...... ....H....--...- -...e...--....| ----|----...--- ............| ------------- MalkMcJorma the Reaver St:25 Dx:18 Co:18 In:7 Wi:14 Ch:6 Neutral Astral Plane $:0 HP:183(256) Pw:62(62) AC:-24 Xp:19/2577495 T:70046 Latest messages: The uncursed Amulet of Yendor named REAL!!! lands on the altar. The soldier ant misses! The soldier ant misses! # There is an uncursed lizard corpse here; sacrifice it? [ynq] (n) You don't have anything else to sacrifice. K - the uncursed Amulet of Yendor named REAL!!!. Famine reaches out, and your body shrivels. Famine touches you! The soldier ant misses! The soldier ant misses! The soldier ant misses! The soldier ant misses! You hear a mumbled curse. C - an uncursed lizard corpse. The soldier ant misses! The soldier ant misses! What do you want to drink? [T or ?*] You feel completely healed. Famine reaches out, and your body shrivels. Famine touches you! The soldier ant misses! The soldier ant misses! The soldier ant misses! The soldier ant misses! The invisible Angel of Set picks up a robe. What do you want to drop? [ad-fhprsuyACDGHJKN-PW-Y or ?*] The uncursed Amulet of Yendor named REAL!!! lands on the altar. The soldier ant misses! The soldier ant misses! The soldier ant misses! The soldier ant misses! # What do you want to sacrifice? [*] Never mind. K - the uncursed Amulet of Yendor named REAL!!!. Famine reaches out, and your body shrivels. Famine touches you! The soldier ant bites! The soldier ant misses! The soldier ant misses! The soldier ant misses! "Eat slime and die!" # What do you want to sacrifice? [K or ?*] You offer the Amulet of Yendor to Crom... An invisible choir sings, and you are bathed in radiance... The voice of Crom thunders: "Mortal, thou hast done well!" "In return for thy service, I grant thee the gift of Immortality!" You ascend to the status of Demigod... Inventory: Amulets ('"') h - an uncursed amulet of life saving (being worn) Weapons (')') f - 6 blessed +5 elven daggers (at the ready) d - a blessed +6 silver saber (alternate weapon; not wielded) a - the blessed rustproof +6 Vorpal Blade (weapon in right hand) Armor ('[') X - a blessed rustproof +2 helm of caution (being worn) D - a blessed rustproof +2 pair of gauntlets of power (being worn) H - a blessed fireproof +2 pair of speed boots (being worn) N - a blessed +2 shield of reflection (being worn) P - a blessed fireproof +5 cloak of displacement (being worn) W - an uncursed +2 Hawaiian shirt with a tropical fish motif (being worn) Y - an uncursed +4 gray dragon scale mail (being worn) Comestibles ('%') C - an uncursed lizard corpse Spellbooks ('+') e - the uncursed Book of the Dead Rings ('=') y - an uncursed ring of free action (on left hand) O - an uncursed ring of regeneration (on right hand) Wands ('/') G - an uncursed wand of death (1:0) Tools ('(') r - a blessed bag of holding containing 21 items s - an uncursed sack named wands containing 7 items p - the uncursed Bell of Opening (0:1) A - the uncursed Candelabrum of Invocation (7 of 7 candles, lit) u - a blessed +0 unicorn horn Gems/Stones ('*') J - the blessed Heart of Ahriman Contents of the bag of holding: an uncursed amulet of flying the blessed rustproof +5 Cleaver a blessed +0 helm of opposite alignment an uncursed +0 pair of jumping boots an uncursed +0 oilskin cloak 5 uncursed K-rations 7 uncursed lembas wafers an uncursed lump of royal jelly an uncursed lizard corpse 4 uncursed scrolls of blank paper 2 blessed scrolls of charging an uncursed scroll of enchant weapon 3 blessed scrolls of identify a blessed scroll of remove curse a blessed potion of paralysis 7 potions of holy water an uncursed ring of free action an uncursed brass lantern a blessed crystal ball (0:3) a blessed magic marker (1:11) 7 uncursed tallow candles Contents of the sack named wands: an uncursed wand of teleportation (0:8) an uncursed wand of teleportation (0:7) an uncursed wand of teleportation (0:7) an uncursed wand of teleportation (0:6) an uncursed wand of teleportation (0:6) an uncursed wand of teleportation (0:2) an uncursed wand of wishing (0:1) MalkMcJorma the Barbarian's attributes: Background: You were a Reaver, a level 19 male human Barbarian. You were neutral, on a mission for Crom who was opposed by Mitra (lawful) and Set (chaotic). You were right-handed. You were in the endgame, on the Astral Plane. You entered the dungeon 70046 turns ago. You had 2577495 experience points, 2542505 more were needed for level 20. Basics: You had 183 out of 256 hit points. You had all 62 energy points (spell power). Your armor class was -24. Your wallet was empty. Autopickup was off. Final Characteristics: Your strength was 25 (base:18/02, innate limit:18/100). Your dexterity was 18 (limit:18). Your constitution was 18 (limit:18). Your intelligence was 7 (limit:18). Your wisdom was 14 (limit:18). Your charisma was 6 (limit:18). Final Status: You weren't hungry. You were unencumbered. You were wielding a long sword. You were skilled in long sword. Final Attributes: You were the Envoy of Balance. You were piously aligned. You were magic-protected. You were fire resistant. You were cold resistant. You were sleep resistant. You were disintegration resistant. You were shock resistant. You were poison resistant. You saw invisible. You were warned. You were invisible to others. You were displaced. You were stealthy. You had teleport control. You regenerated. You were warded. You were very fast. You had reflection. You had free action. Your life would have been saved. You were extremely lucky. You had extra luck. Good luck did not time out for you. You survived after being killed twice. Miscellaneous: You disabled loading of bones levels. Total elapsed playing time was 22 hours, 27 minutes and 22 seconds. Major events: Turn 1: MalkMcJorma the neutral male human Barbarian entered the dungeon 409: entered the Gnomish Mines 904: attained the rank of Pillager (level 3) 2211: reached Mine Town 2298: attained the rank of Bandit (level 6) 3344: became literate by naming Sting 6259: acquired the Mines' End luckstone 8048: entered Sokoban 9319: completed 1st Sokoban level 11170: completed 2nd Sokoban level 11744: completed 3rd Sokoban level 11758: attained the rank of Brigand (level 10) 12855: completed 4th Sokoban level 13435: was bestowed with Cleaver by Crom 14333: acquired the Sokoban amulet of reflection 17778: made his first wish - "blessed fixed +2 gauntlets of power", got "a pair of old gloves" 18012: chose an elven broadsword to be named "Orcrist" 21938: performed his first genocide (class L) 25273: became Crom's Envoy of Balance 25273: was bestowed with Vorpal Blade 27544: killed Medusa 33082: wished for "blessed +2 gray dragon scale mail", got "a gray dragon scale mail" 36657: wished for "blessed greased bag of holding", got "a greased bag" 36975: attained the rank of Raider (level 14) 37391: wished for "blessed ring of free action", got "a pearl ring" 39784: killed Croesus 39861: genocided master mind flayers 39865: genocided mind flayers 42052: killed Thoth Amon 42052: found the Heart of Ahriman on the floor 42053: acquired the Bell of Opening 43600: entered Gehennom 47951: killed Juiblex 48576: killed Baalzebub 48793: bribed Asmodeus with 465 zorkmids for safe passage 50556: killed Orcus 50853: destroyed Vlad the Impaler 50884: acquired the Candelabrum of Invocation 50906: genocided disenchanters 53172: wished for "blessed magic marker", got "a magic marker" 53712: wished for "2 blessed scrolls of charging", got "a scroll of charging" 62121: killed Yeenoghu 66065: killed the Wizard of Yendor 66067: acquired the Book of the Dead 66292: performed the invocation 66773: killed Geryon 66917: killed the high priest of Moloch 66922: acquired The Amulet of Yendor 67473: averted death (killed by the invisible Wizard of Yendor) 67474: killed the Wizard of Yendor (2nd time) 67481: killed the Wizard of Yendor (3rd time) 67507: killed the Wizard of Yendor (5th time) 67508: averted death (killed by an iron golem) 67621: wished for "2 blessed scrolls of charging", got "2 scrolls of charging" 68072: attained the rank of Reaver (level 18) 69640: wished for "2 blessed scrolls of charging", got "2 scrolls of charging" 69817: entered the Elemental Planes 69817: entered Plane of Earth 69860: wished for "blessed ring of conflict", got "a coral ring" 69861: entered Plane of Air 69913: entered Plane of Fire 69945: entered Plane of Water 69947: genocided class ; 69995: entered the Astral Plane 70012: killed Famine 70029: killed the high priest of Crom 70041: wished for "2 blessed potions of full healing", got "2 potions of full healing" 70046: ascended Vanquished creatures: Baalzebub Geryon Orcus Yeenoghu 3 erinyes Juiblex the Wizard of Yendor (8 times) Famine Vlad the Impaler 2 high clerics Medusa Croesus 13 krakens 10 iron golems a ki-rin 8 storm giants 3 glass golems 10 balrogs Thoth Amon 10 purple worms a gray dragon 3 gold dragons 6 silver dragons 13 red dragons 2 white dragons 6 orange dragons 4 black dragons 4 blue dragons 6 green dragons 11 yellow dragons 24 minotaurs 3 jabberwocks 16 baluchitheria 5 stone golems 28 Olog-hai a Nazgul 16 pit fiends 4 sandestins 10 hell hounds 9 displacer beasts 8 titanotheres 3 trappers 5 baby red dragons 2 baby yellow dragons 3 guardian nagas 5 genetic engineers 2 disenchanters 31 vampire leaders 7 skeletons 12 aligned clerics 11 captains 6 shades a lich 3 clay golems 8 nurses 10 ice devils 9 nalfeshnees 6 lurkers above 4 Aleaxes 6 frost giants 12 ettins a golden naga 27 black puddings 33 vampires 9 lieutenants 56 ghosts 4 queen bees 8 winged gargoyles 11 giant mimics 6 long worms 6 zruties 3 fire giants 15 ogre tyrants 9 ice trolls 63 rock trolls 7 umber hulks 6 flesh golems 14 elven monarchs 3 doppelgangers 16 hezrous 24 bone devils 5 large mimics 4 wumpuses 3 fire vortices 6 couatls 13 stalkers 4 air elementals 8 fire elementals 12 earth elementals 3 water elementals 7 hill giants 4 giant mummies 5 black nagas 16 xorns 25 giant zombies 20 elf-nobles 23 sergeants a water demon 7 barbed devils 23 vrocks 3 salamanders 17 wargs 4 winter wolves 9 hell hound pups 14 small mimics 3 glass piercers 6 warhorses 13 steam vortices 12 xans 9 ettin mummies 13 ogre leaders 9 quantum mechanics 35 trolls a sasquatch 5 wood golems 12 mariliths a djinni 8 sharks 8 electric eels 11 gelatinous cubes 7 pyrolisks a large dog 7 freezing spheres 11 flaming spheres 8 shocking spheres 3 large cats 8 tigers 9 gargoyles 6 dwarf rulers 5 tengu 14 ochre jellies 10 leocrottas 4 energy vortices 4 mountain centaurs 11 stone giants 3 elf mummies 5 human mummies 10 red nagas 5 green slimes 6 pythons 10 pit vipers 11 cobras 44 wraiths 8 carnivorous apes 21 ettin zombies 7 leather golems 6 Grey-elves 120 soldiers 16 amorous demons 11 horned devils 13 chameleons 2 crocodiles 15 giant beetles 7 quivering blobs 25 cockatrices 7 wolves a winter wolf cub 2 lynxes 7 panthers 58 gremlins 5 spotted jellies 10 leprechauns 6 orc-captains an iron piercer 3 mumakil 11 giant spiders 10 scorpions 3 horses 9 ice vortices 17 black lights 14 vampire bats 7 forest centaurs 11 gnome rulers 6 orc mummies 10 dwarf mummies 91 ogres 10 brown puddings 14 rust monsters 11 owlbears 6 yetis 2 gold golems 5 werewolves 24 Green-elves 4 piranha 24 giant eels 14 lizards 8 chickatrices 3 housecats 6 jaguars 6 dwarf leaders 6 blue jellies 5 white unicorns a gray unicorn 3 black unicorns 9 dust vortices 4 ravens 9 plains centaurs 7 gnome mummies 14 snakes 9 apes 24 human zombies 3 rope golems 9 Woodland-elves 24 soldier ants 12 fire ants 29 bugbears 4 imps 2 lemures 15 quasits 9 wood nymphs 5 water nymphs 6 mountain nymphs 24 Mordor orcs 43 Uruk-hai 6 orc shamans 18 rock piercers 10 rock moles 3 ponies 2 fog clouds 25 yellow lights 4 shriekers 4 violet fungi 25 gnome leaders 10 gnomish wizards 4 kobold mummies 3 black naga hatchlings 5 gray oozes 7 barrow wights 17 elf zombies 18 ghouls a straw golem 4 paper golems 7 jellyfish 31 giant ants 2 little dogs 17 floating eyes 4 kittens 28 dwarves 4 homunculi 2 kobold leaders 6 kobold shamans 20 hill orcs 12 rothes 2 rabid rats 3 centipedes 4 giant bats a monkey 20 orc zombies 12 dwarf zombies 3 wererats 3 werejackals 16 iguanas 70 killer bees 2 acid blobs 10 coyotes a gas spore 11 hobbits 9 manes 6 large kobolds 32 hobgoblins 12 giant rats 9 cave spiders 3 brown molds 6 yellow molds 2 green molds a red mold 75 gnomes 2 Keystone Kops 5 garter snakes 20 gnome zombies 12 geckos 15 jackals 5 foxes 3 kobolds 4 goblins 15 sewer rats 21 grid bugs 6 bats 7 lichens 17 kobold zombies 8 newts 3014 creatures vanquished. Genocided or extinct species: erinyes (extinct) arch-liches krakens master liches demiliches master mind flayers disenchanters liches mind flayers sharks electric eels soldiers (extinct) piranha giant eels jellyfish 13 species genocided. 2 species extinct. Voluntary challenges: You read items or engraved 108 times. You engraved Elbereth 13 times. You genocided 13 types of monsters. You used 10 wishes. You did not wish for any artifacts. You did not violate any of the special Sokoban rules. Achievements: You entered the Gnomish Mines. You attained the rank of Pillager. You entered Minetown. You attained the rank of Bandit. You entered a temple. You entered a shop. You completed the Gnomish Mines. You entered Sokoban. You attained the rank of Brigand. You completed Sokoban. You learned the tune to open and close the Castle's drawbridge. You defeated Medusa. You attained the rank of Raider. You had the Bell of Opening. You entered Gehennom. You had the Candelabrum of Invocation. You had the Book of the Dead. You gained access to Moloch's Sanctum. You attained the rank of Reaver. You reached the Elemental Planes. You reached the Astral Plane. You delivered the Amulet of Yendor. You ascended! The Elemental Planes: Astral Plane: <- You are here. A temple and an altar to Crom. Plane of Water: Plane of Fire: Plane of Air: Plane of Earth: The Dungeons of Doom: levels 1 to 26 Level 1: Some fountains. One way stairs up to The Elemental Planes. Level 2: Stairs down to The Gnomish Mines. Level 3: Level 4: Level 5: Level 6: Oracle of Delphi. Level 7: An altar. Stairs up to Sokoban, level 6. Level 8: Level 9: An altar to Crom. Level 10: Level 11: A sink. Level 12: Portal to The Quest. Level 13: A temple and an altar, some fountains. Portal to Fort Ludios. Level 14: A grave. Level 15: A primitive area. Level 16: Level 17: A fountain. Level 18: Level 19: Many graves. Level 20: A grave. Level 21: A temple and an altar, a fountain. Level 22: Some fountains, many trees. Level 23: Level 24: Level 25: Level 26: A fountain. The castle (play notes "DGFCB" to open or close drawbridge). Connection to Gehennom. Gehennom: levels 27 to 46 Level 27: A temple and an altar, many graves. Valley of the Dead. Level 28: Level 29: Level 30: A fountain. Level 31: Level 32: Level 33: Level 34: Level 35: Level 36: An altar, many graves. Level 37: Stairs up to Vlad's Tower, level 36. Level 38: Level 39: Level 40: Level 41: Level 42: Level 43: Level 44: Level 45: Level 46: A temple and an altar, many graves. Moloch's Sanctum. The Gnomish Mines: levels 3 to 10 Level 3: Level 4: Level 5: A temple and an altar to Crom, some fountains. Level 6: Level 7: Level 8: Level 9: Level 10: The Quest: levels 1 to 6 Level 1: A throne, many trees. Completed quest for Pelias. Level 2: Level 3: Level 4: Level 5: Level 6: An altar. Sokoban: levels 6 up to 3 Level 3: Solved. Level 4: Solved. Level 5: Solved. Level 6: Solved. Fort Ludios: Level 1: Vlad's Tower: levels 36 up to 34 Level 34: Level 35: Level 36: Goodbye MalkMcJorma the Demigod... You went to your reward with 3803364 points, Vorpal Blade (worth 4000 zorkmids and 10000 points) The Book of the Dead (worth 10000 zorkmids and 25000 points) The Bell of Opening (worth 5000 zorkmids and 12500 points) Cleaver (worth 1500 zorkmids and 3750 points) The Candelabrum of Invocation (worth 5000 zorkmids and 12500 points) The Heart of Ahriman (worth 2500 zorkmids and 6250 points) 1 amulet of life saving (worth 150 zorkmids), 1 amulet of flying (worth 150 zorkmids), and 0 pieces of gold, after 70046 moves. You were level 19 with a maximum of 256 hit points when you ascended.